General information
- name: BNet
- type: Ladder team game (AT/RT)
- host: Battle.net
- saver: Sverker
map: Deadlands
- players: 8
- length: 31:24
- speed: Fast
- version: 1.26 W3XP
- replay type: Public
» download(237 KB)
Players
team 1 (loser)

»
Silemor (
green | 35 APM | 640 actions | 18:12)
1 Dreadlord
1 Vampiric Aura
» actions
| Basic commands | 46 | |
| Build / train | 42 | |
| Enter build submenu | 14 | |
| Enter hero's abilities submenu | 1 | |
| Remove unit from queue | 2 | |
| Right click | 368 | |
| Select / deselect | 151 | |
| Use ability | 16 | |
640 total
» units
| Acolyte | 2 | |
| Ghoul | 9 | |
| Crypt Fiend | 7 | |
| Obsidian Statue | 1 | |
| Abomination | 14 | |
33 total
» upgrades
» buildings
| Altar of Darkness | 1 | |
| Crypt | 1 | |
| Ziggurat | 6 | |
| Graveyard | 1 | |
| Tomb of Relics | 1 | |
| Halls of the Dead | 1 | |
| Slaughterhouse | 2 | |
| Black Citadel | 1 | |
| Spirit Tower | 1 | |
15 total
» build order
00:13 Altar of Darkness
00:17 Crypt
00:25 Ziggurat
01:43 Graveyard
02:08 Ziggurat
03:07 Tomb of Relics
03:19 Ziggurat
03:48 Halls of the Dead
04:46 Ziggurat
08:11 Slaughterhouse
08:25 Ziggurat
08:37 Slaughterhouse
08:48 Ziggurat
09:23 Black Citadel
16:54 Spirit Tower

»
PaViLiOn (
red | 40 APM | 1247 actions | 31:23)
7 Blademaster
3 Critical Strike
3 Wind Walk
1 Bladestorm
» actions
| Assign group hotkey | 7 | |
| Basic commands | 96 | |
| Build / train | 69 | |
| ESC pressed | 2 | |
| Enter build submenu | 39 | |
| Enter hero's abilities submenu | 7 | |
| Give item / drop item | 3 | |
| Remove unit from queue | 1 | |
| Right click | 563 | |
| Select / deselect | 260 | |
| Select group hotkey | 90 | |
| Use ability | 110 | |
1247 total
» units
» upgrades
| Melee Weapons | 2 | |
| Armor | 3 | |
| Spiked Barricades | 1 | |
| Reinforced Defenses | 1 | |
| Pulverize | 1 | |
| Spirit Walker Training | 1 | |
| Shaman Training | 1 | |
10 total
» buildings
| Altar of Storms | 1 | |
| Orc Burrow | 6 | |
| Voodoo Lounge | 2 | |
| Stronghold | 1 | |
| War Mill | 1 | |
| Fortress | 1 | |
| Watch Tower | 15 | |
| Tauren Totem | 3 | |
| Spirit Lodge | 2 | |
| Great Hall | 1 | |
33 total
» build order
00:36 Altar of Storms
00:46 Orc Burrow
01:54 Voodoo Lounge
02:22 Orc Burrow
02:54 Voodoo Lounge
03:00 Stronghold
03:43 War Mill
04:06 Orc Burrow
04:51 Orc Burrow
05:49 Fortress
06:27 Watch Tower
06:32 Watch Tower
08:45 Tauren Totem
08:48 Tauren Totem
08:51 Tauren Totem
13:27 Watch Tower
13:30 Watch Tower
13:37 Watch Tower
14:16 Watch Tower
14:20 Watch Tower
14:39 Watch Tower
15:55 Watch Tower
15:57 Watch Tower
17:01 Watch Tower
17:04 Watch Tower
17:06 Watch Tower
17:08 Watch Tower
18:14 Orc Burrow
18:15 Orc Burrow
21:15 Watch Tower
21:53 Spirit Lodge
21:57 Spirit Lodge
26:20 Great Hall
» items
| Healing Salve | 8 | |
| Lesser Clarity Potion | 2 | |
| Scroll of Speed | 1 | |
| Orb of Lightning | 1 | |
| Tiny Great Hall | 1 | |
| Scroll of Town Portal | 2 | |
| Scroll of Healing | 2 | |
| Periapt of Vitality | 1 | |
| Scroll of Protection | 1 | |
| Boots of Speed | 1 | |
20 total
KoReA4TeHwiN (
blue | 179 APM | 4695 actions | 26:10)
5 Keeper of the Grove
3 Entangling Roots
2 Thorns Aura
4 Priestess of the Moon
2 Trueshot Aura
2 Searing Arrows
4 Pandaren Brewmaster
2 Drunken Haze
2 Drunken Brawler
» actions
| Assign group hotkey | 580 | |
| Basic commands | 10 | |
| Build / train | 117 | |
| ESC pressed | 17 | |
| Enter build submenu | 23 | |
| Enter hero's abilities submenu | 13 | |
| Give item / drop item | 1 | |
| Remove unit from queue | 1 | |
| Right click | 1803 | |
| Select / deselect | 621 | |
| Select group hotkey | 1434 | |
| Use ability | 74 | |
4695 total
» units
| Wisp | 35 | |
| Huntress | 8 | |
| Dryad | 10 | |
| Druid of the Talon | 13 | |
| Hippogryph | 24 | |
90 total
» upgrades
| Abolish Magic | 1 | |
| Druid of the Talon Training | 1 | |
| Strength of the Wild | 2 | |
4 total
» buildings
| Altar of Elders | 1 | |
| Moon Well | 6 | |
| Hunter's Hall | 1 | |
| Ancient of War | 2 | |
| Tree of Ages | 1 | |
| Ancient of Wonders | 1 | |
| Ancient of Wind | 6 | |
| Ancient of Lore | 5 | |
| Tree of Eternity | 1 | |
| Tree of Life | 1 | |
25 total
» build order
00:08 Altar of Elders
00:19 Moon Well
01:49 Hunter's Hall
01:54 Ancient of War
02:08 Moon Well
02:22 Moon Well
02:42 Ancient of War
04:36 Moon Well
05:47 Tree of Ages
07:38 Moon Well
07:41 Ancient of Wonders
08:14 Ancient of Wind
08:17 Ancient of Lore
08:21 Ancient of Wind
08:59 Ancient of Lore
09:03 Ancient of Wind
10:33 Tree of Eternity
11:47 Tree of Life
12:12 Moon Well
20:41 Ancient of Wind
20:41 Ancient of Wind
20:47 Ancient of Lore
20:49 Ancient of Lore
20:53 Ancient of Wind
21:01 Ancient of Lore
» items

»
rodrigo (
teal | 77 APM | 2195 actions | 28:36)
5 Dreadlord
3 Vampiric Aura
2 Sleep
3 Lich
1 Frost Nova
2 Frost Armor
» actions
| Assign group hotkey | 18 | |
| Build / train | 82 | |
| Enter build submenu | 25 | |
| Enter hero's abilities submenu | 8 | |
| Remove unit from queue | 1 | |
| Right click | 744 | |
| Select / deselect | 374 | |
| Select group hotkey | 870 | |
| Use ability | 73 | |
2195 total
» units
| Acolyte | 9 | |
| Ghoul | 18 | |
| Necromancer | 11 | |
| Abomination | 8 | |
| Crypt Fiend | 1 | |
| Obsidian Statue | 3 | |
| Hippogryph | 1 | |
51 total
» upgrades
| Cannibalize | 1 | |
| Unholy Strength | 3 | |
| Unholy Armor | 3 | |
| Skeletal Longevity | 1 | |
| Disease Cloud | 1 | |
| Skeletal Mastery | 1 | |
| Web | 1 | |
11 total
» buildings
| Ziggurat | 13 | |
| Crypt | 2 | |
| Altar of Darkness | 1 | |
| Graveyard | 1 | |
| Spirit Tower | 5 | |
| Halls of the Dead | 1 | |
| Nerubian Tower | 1 | |
| Temple of the Damned | 2 | |
| Tomb of Relics | 1 | |
| Black Citadel | 1 | |
| Slaughterhouse | 2 | |
30 total
» build order
00:32 Ziggurat
00:35 Crypt
00:44 Crypt
01:10 Altar of Darkness
01:35 Ziggurat
03:14 Ziggurat
04:15 Graveyard
04:32 Ziggurat
06:56 Ziggurat
06:59 Ziggurat
07:20 Ziggurat
07:41 Ziggurat
07:51 Spirit Tower
07:55 Halls of the Dead
08:09 Nerubian Tower
08:36 Spirit Tower
08:52 Spirit Tower
08:55 Ziggurat
09:58 Spirit Tower
10:49 Spirit Tower
10:51 Temple of the Damned
11:04 Tomb of Relics
11:17 Temple of the Damned
13:38 Black Citadel
13:55 Slaughterhouse
14:06 Slaughterhouse
24:28 Ziggurat
24:49 Ziggurat
24:55 Ziggurat
24:58 Ziggurat
» items
team 2 (winner)

»
Nin9 (
pink | 30 APM | 946 actions | 31:23)
4 Mountain King
2 Storm Bolt
2 Bash
1 Paladin
1 Holy Light
» actions
| Assign group hotkey | 11 | |
| Basic commands | 3 | |
| Build / train | 78 | |
| Enter build submenu | 41 | |
| Enter hero's abilities submenu | 5 | |
| Right click | 442 | |
| Select / deselect | 272 | |
| Select group hotkey | 20 | |
| Use ability | 74 | |
946 total
» units
| Peasant | 21 | |
| Footman | 5 | |
| Gryphon Rider | 11 | |
37 total
» upgrades
| Lumber Harvesting | 2 | |
| Masonry | 3 | |
| Swords | 3 | |
| Armor | 3 | |
| Storm Hammers | 1 | |
| Cloud | 1 | |
| Animal War Training | 1 | |
| Magic Sentry | 1 | |
15 total
» buildings
| Farm | 11 | |
| Barracks | 1 | |
| Altar of Kings | 1 | |
| Arcane Vault | 3 | |
| Keep | 1 | |
| Town Hall | 1 | |
| Scout Tower | 24 | |
| Blacksmith | 1 | |
| Lumber Mill | 1 | |
| Guard Tower | 7 | |
| Castle | 1 | |
| Gryphon Aviary | 3 | |
| Arcane Tower | 3 | |
| Arcane Sanctum | 1 | |
| Workshop | 3 | |
62 total
» build order
00:21 Farm
00:53 Barracks
00:59 Farm
01:11 Altar of Kings
01:48 Farm
02:09 Arcane Vault
02:31 Farm
03:07 Farm
04:50 Keep
05:08 Town Hall
05:26 Scout Tower
05:30 Scout Tower
05:34 Scout Tower
05:37 Scout Tower
05:40 Scout Tower
05:42 Scout Tower
06:09 Blacksmith
06:14 Lumber Mill
07:32 Guard Tower
07:39 Farm
07:39 Farm
07:41 Farm
07:42 Farm
07:43 Farm
07:48 Castle
08:55 Scout Tower
09:24 Gryphon Aviary
09:25 Gryphon Aviary
09:28 Gryphon Aviary
10:51 Arcane Tower
11:05 Farm
11:51 Arcane Sanctum
12:05 Scout Tower
12:07 Scout Tower
12:13 Arcane Vault
12:45 Scout Tower
12:50 Guard Tower
13:15 Arcane Tower
13:25 Scout Tower
13:27 Scout Tower
13:30 Scout Tower
13:30 Scout Tower
13:53 Scout Tower
14:00 Scout Tower
14:32 Guard Tower
14:41 Scout Tower
14:46 Scout Tower
14:51 Scout Tower
14:54 Guard Tower
14:57 Scout Tower
15:47 Arcane Tower
16:12 Guard Tower
17:14 Scout Tower
17:16 Scout Tower
18:26 Scout Tower
18:30 Scout Tower
18:33 Guard Tower
21:41 Guard Tower
22:13 Arcane Vault
22:47 Workshop
23:28 Workshop
23:35 Workshop
» items
| Scroll of Regeneration | 1 | |
| Orb of Fire | 1 | |
| Staff of Sanctuary | 1 | |
| Potion of Healing | 1 | |
| Potion of Mana | 2 | |
6 total

»
Wet-Moms (
orange | 48 APM | 1520 actions | 31:23)
8 Dreadlord
3 Sleep
3 Vampiric Aura
1 Inferno
1 Carrion Swarm
» actions
| Assign group hotkey | 35 | |
| Basic commands | 206 | |
| Build / train | 115 | |
| Enter build submenu | 28 | |
| Enter hero's abilities submenu | 8 | |
| Remove unit from queue | 1 | |
| Right click | 351 | |
| Select / deselect | 268 | |
| Select group hotkey | 420 | |
| Use ability | 88 | |
1520 total
» units
| Acolyte | 12 | |
| Ghoul | 45 | |
| Gargoyle | 6 | |
63 total
» upgrades
| Unholy Strength | 3 | |
| Ghoul Frenzy | 1 | |
| Unholy Armor | 3 | |
7 total
» buildings
| Crypt | 3 | |
| Altar of Darkness | 1 | |
| Ziggurat | 17 | |
| Tomb of Relics | 2 | |
| Nerubian Tower | 3 | |
| Graveyard | 2 | |
| Necropolis | 1 | |
| Halls of the Dead | 1 | |
| Spirit Tower | 11 | |
| Black Citadel | 2 | |
| Sacrificial Pit | 1 | |
44 total
» build order
00:23 Crypt
00:34 Altar of Darkness
00:36 Ziggurat
01:18 Tomb of Relics
01:22 Ziggurat
02:12 Nerubian Tower
02:40 Graveyard
04:56 Necropolis
05:07 Halls of the Dead
06:04 Ziggurat
06:07 Ziggurat
06:08 Ziggurat
06:47 Ziggurat
07:30 Spirit Tower
07:48 Nerubian Tower
07:48 Nerubian Tower
08:10 Ziggurat
08:11 Ziggurat
08:13 Ziggurat
08:38 Tomb of Relics
08:50 Ziggurat
08:52 Ziggurat
08:55 Ziggurat
09:05 Spirit Tower
09:12 Spirit Tower
09:27 Spirit Tower
09:33 Spirit Tower
09:46 Crypt
09:49 Crypt
10:27 Black Citadel
10:27 Black Citadel
11:05 Graveyard
11:10 Spirit Tower
11:12 Spirit Tower
11:18 Ziggurat
11:23 Ziggurat
11:26 Ziggurat
12:24 Ziggurat
12:32 Spirit Tower
12:33 Spirit Tower
13:29 Ziggurat
15:06 Spirit Tower
24:12 Sacrificial Pit
» items
| Rod of Necromancy | 2 | |
| Sacrificial Skull | 1 | |
| Scroll of Town Portal | 3 | |
| Potion of Healing | 2 | |
8 total
Sverker (
yellow | 91 APM | 2863 actions | 31:24)
9 Archmage
3 Summon Water Elemental
3 Brilliance Aura
1 Mass Teleport
2 Blizzard
» actions
| Assign group hotkey | 102 | |
| Basic commands | 124 | |
| Build / train | 191 | |
| ESC pressed | 5 | |
| Enter build submenu | 58 | |
| Enter hero's abilities submenu | 9 | |
| Give item / drop item | 7 | |
| Right click | 740 | |
| Select / deselect | 597 | |
| Select group hotkey | 729 | |
| Use ability | 301 | |
2863 total
» units
| Peasant | 26 | |
| Footman | 16 | |
| Gryphon Rider | 5 | |
| Goblin Shredder | 2 | |
| Priest | 5 | |
| Knight | 10 | |
| Siege Engine | 6 | |
| Mortar Team | 3 | |
| Dragonhawk Rider | 3 | |
| Spell Breaker | 1 | |
77 total
» upgrades
| Masonry | 3 | |
| Defend | 1 | |
| Swords | 3 | |
| Lumber Harvesting | 2 | |
| Magic Sentry | 1 | |
| Sorceress Training | 2 | |
| Armor | 3 | |
| Priest Training | 3 | |
| Animal War Training | 1 | |
| Barrage | 1 | |
| Storm Hammers | 1 | |
| Fragmentation Shards | 2 | |
| Cloud | 1 | |
| Plating | 4 | |
| Backpack | 1 | |
| Gunpowder | 3 | |
| Control Magic | 1 | |
| Flare | 1 | |
| Flak Cannons | 1 | |
| Flying Machine Bombs | 1 | |
| Long Rifles | 1 | |
37 total
» buildings
| Altar of Kings | 1 | |
| Barracks | 1 | |
| Farm | 11 | |
| Arcane Vault | 1 | |
| Town Hall | 2 | |
| Lumber Mill | 1 | |
| Scout Tower | 27 | |
| Arcane Tower | 4 | |
| Guard Tower | 26 | |
| Keep | 2 | |
| Blacksmith | 1 | |
| Castle | 2 | |
| Arcane Sanctum | 1 | |
| Gryphon Aviary | 2 | |
| Workshop | 1 | |
83 total
» build order
00:17 Altar of Kings
00:19 Barracks
00:21 Farm
01:02 Farm
01:41 Farm
02:30 Arcane Vault
03:34 Town Hall
04:01 Farm
04:23 Lumber Mill
04:27 Scout Tower
04:29 Scout Tower
04:58 Arcane Tower
04:58 Arcane Tower
05:16 Scout Tower
05:29 Scout Tower
05:34 Scout Tower
05:37 Scout Tower
05:56 Arcane Tower
05:57 Guard Tower
05:57 Guard Tower
05:57 Guard Tower
06:33 Guard Tower
06:33 Guard Tower
06:44 Guard Tower
06:54 Scout Tower
07:23 Guard Tower
07:23 Guard Tower
07:25 Keep
07:25 Keep
07:28 Scout Tower
07:47 Blacksmith
08:03 Guard Tower
09:03 Scout Tower
09:04 Scout Tower
09:05 Scout Tower
09:16 Scout Tower
09:18 Scout Tower
09:20 Scout Tower
09:23 Scout Tower
09:45 Guard Tower
10:03 Castle
10:03 Castle
10:13 Guard Tower
10:13 Guard Tower
10:29 Arcane Sanctum
10:58 Gryphon Aviary
11:01 Gryphon Aviary
11:07 Scout Tower
11:07 Scout Tower
11:08 Scout Tower
11:23 Workshop
11:36 Scout Tower
11:41 Scout Tower
11:45 Guard Tower
11:45 Guard Tower
12:08 Guard Tower
12:09 Guard Tower
12:16 Guard Tower
12:16 Guard Tower
12:16 Guard Tower
13:09 Farm
13:12 Farm
14:15 Scout Tower
14:19 Scout Tower
14:27 Scout Tower
15:04 Guard Tower
15:34 Farm
15:35 Farm
15:35 Farm
15:39 Farm
18:18 Farm
25:46 Scout Tower
25:46 Scout Tower
25:47 Scout Tower
25:48 Scout Tower
26:34 Guard Tower
26:35 Guard Tower
26:37 Town Hall
» items
| Scroll of Regeneration | 7 | |
| Lesser Clarity Potion | 2 | |
| Scroll of Town Portal | 2 | |
| Periapt of Vitality | 1 | |
| Boots of Speed | 1 | |
| Mechanical Critter | 2 | |
15 total
u_make_me_horny (
purple | 121 APM | 3786 actions | 31:23)
9 Death Knight
3 Death Coil
3 Unholy Aura
1 Animate Dead
2 Death Pact
8 Dreadlord
3 Vampiric Aura
3 Sleep
1 Inferno
1 Carrion Swarm
» actions
| Assign group hotkey | 36 | |
| Build / train | 97 | |
| Enter build submenu | 20 | |
| Enter hero's abilities submenu | 17 | |
| Give item / drop item | 9 | |
| Right click | 1283 | |
| Select / deselect | 428 | |
| Select group hotkey | 1732 | |
| Use ability | 164 | |
3786 total
» units
| Acolyte | 12 | |
| Ghoul | 7 | |
| Crypt Fiend | 9 | |
| Frost Wyrm | 9 | |
| Obsidian Statue | 3 | |
40 total
» upgrades
| Creature Attack | 3 | |
| Creature Carapace | 3 | |
| Web | 1 | |
| Freezing Breath | 1 | |
| Destroyer Form | 1 | |
9 total
» buildings
| Graveyard | 2 | |
| Crypt | 1 | |
| Ziggurat | 8 | |
| Altar of Darkness | 1 | |
| Tomb of Relics | 1 | |
| Halls of the Dead | 1 | |
| Nerubian Tower | 1 | |
| Spirit Tower | 2 | |
| Black Citadel | 1 | |
| Sacrificial Pit | 1 | |
| Boneyard | 1 | |
| Slaughterhouse | 1 | |
| Necropolis | 1 | |
22 total
» build order
00:34 Graveyard
00:38 Crypt
01:04 Ziggurat
01:23 Altar of Darkness
02:22 Tomb of Relics
02:29 Ziggurat
04:11 Ziggurat
05:16 Halls of the Dead
05:29 Nerubian Tower
05:48 Spirit Tower
08:14 Black Citadel
09:35 Ziggurat
10:43 Sacrificial Pit
10:56 Spirit Tower
11:35 Boneyard
11:46 Ziggurat
13:28 Ziggurat
14:41 Graveyard
14:47 Slaughterhouse
18:02 Necropolis
25:00 Ziggurat
25:01 Ziggurat
» items
| Rod of Necromancy | 6 | |
| Dust of Appearance | 3 | |
| Lesser Clarity Potion | 4 | |
| Potion of Healing | 2 | |
| Scroll of Town Portal | 3 | |
| Scroll of Regeneration | 1 | |
| Orb of Fire | 2 | |
21 total
Chat log
(05:52 / Allies) Nin9: omw
(08:49 / Allies) Sverker: anyone have an agi hero?
(08:51 / Allies) Sverker: I have +6 boots
(11:00 / Allies) u_make_me_horny: tower up
(11:03 / Allies) u_make_me_horny: I think he's getting bats
(11:12 / Allies) Sverker: k ty for warning
(15:11 / Allies) u_make_me_horny: maybe we should hit?
(15:25 / Allies) Sverker: they are first
(16:38 / Allies) Sverker: counter
(17:26 / All) u_make_me_horny: rape
(19:06 / All) Sverker: so you can leave
(19:07 / All) Sverker: ok?
(24:50 / All) Sverker: lost bm to towers
(24:52 / All) Sverker: lol!
(26:22 / All) u_make_me_horny: gg
(26:26 / All) Sverker: gg
(26:39 / All) PaViLiOn: 3
(26:42 / All) PaViLiOn: of us got melee
(26:47 / All) Sverker: yeah
(26:51 / All) Sverker: it worked well for you didn't it
(26:55 / All) PaViLiOn: yea
(26:57 / All) u_make_me_horny: ur own fault
(27:12 / All) PaViLiOn: didnt think both fucken undead would go melee like retards
(27:20 / All) Sverker: one was necrowagon
(27:23 / All) Sverker: or some shit like that
(27:24 / All) Sverker: bad at it though
(27:33 / All) Sverker: you were probably the best player on your team
(27:41 / All) PaViLiOn: i sucked dick
(27:46 / All) Sverker: we all have bad games
(28:37 / All) u_make_me_horny: wow
(28:39 / All) u_make_me_horny: thats messy
(29:16 / All) PaViLiOn: you guys did mad good in beginning
(29:19 / All) Sverker: ty
(29:19 / All) PaViLiOn: expanding mad fast
(29:21 / All) PaViLiOn: and blocking
(29:30 / All) Sverker: I upload a lot to highper.ch if you want to see my replays
(29:33 / All) Sverker: not all are under this username
(29:50 / All) PaViLiOn: im good lol
(30:01 / All) PaViLiOn: never played on this map though
(30:07 / All) Sverker: it's a cool map, you can tower chokes
(30:11 / All) Sverker: if orc or hu
(30:21 / All) Wet-Moms: i GOT LIKE 15 TOWERS LOL
(31:19 / All) u_make_me_horny: gg
(31:20 / All) Sverker: gg
(31:22 / All) PaViLiOn: gg